 Dungeon Crawl Stone Soup version 0.21.1-1-g345015f (webtiles) character file.

7914 troglodite the Blocker (level 11, 0/84 HPs)
             Began as a Demonspawn Berserker on June 4, 2018.
             Was a High Priest of Trog.
             Slain by a centaur
             ... wielding the +9 dagger "Killer Klown's Bane" {holy, *Drain +Rage Str+8 Int-4}
              (8 damage)
             ... on level 9 of the Dungeon.
             The game lasted 00:31:25 (10085 turns).

troglodite the Blocker (Demonspawn Berserker)      Turns: 10085, Time: 00:31:26

Health: 0/84       AC: 15    Str: 17    XL:     11   Next: 3%
Magic:  11/11      EV: 12    Int: 16    God:    Trog [*****.]
Gold:   640        SH: 24    Dex: 20    Spells: 10/10 levels left

rFire    + . .     SeeInvis .   x - +12 mace of Quick Death {vamp, rPois Int+2}
rCold    x . .     Gourm    .   i - +8 large shield
rNeg     + . .     Faith    .   D - +4 ring mail of Hiteqys {rC- rCorr Int+5}
rPois    +         Spirit   .   u - +2 hat of Mental Paralysis {rN+ Regen+ rCorr}
rElec    .         Reflect  .   (no cloak)
rCorr    +         Harm     .   j - +0 pair of gloves
MR       .....                  A - +0 pair of boots
Stlth    ++........             (no amulet)
HPRegen  0.64/turn              g - ring of protection from fire
MPRegen  0.12/turn              C - ring of poison resistance

@: berserk cooldown, flying, slowed, very slow
A: hooves 2, thin skeletal structure 2, powered by death 1, rot immunity
a: Berserk, Trog's Hand, Brothers in Arms, Burn Spellbooks, Renounce Religion


You were on level 9 of the Dungeon.
You worshipped Trog.
Trog was extremely pleased with you.
You were hungry.

You visited 1 branch of the dungeon, and saw 9 of its levels.
You also visited: Sewer.

You collected 640 gold pieces.

Inventory:

Hand Weapons
 a - a +0 falchion
 m - a +0 scimitar of flaming
 x - the +12 mace of Quick Death (weapon) {vamp, rPois Int+2}
   (Trog gifted it to you on level 7 of the Dungeon)

   It inflicts no extra harm, but heals its wielder when it wounds a living foe.
   It affects your intelligence (+2).
   It protects you from poison.
 z - a +4 long sword
Armour
 i - a +8 large shield (worn)
 j - a +0 pair of gloves (worn)
 u - the +2 hat of Mental Paralysis (worn) {rN+ Regen+ rCorr}
   (You found it on level 9 of the Dungeon)

   It protects you from negative energy.
   It increases your rate of regeneration.
   It protects you from acid and corrosion.
 A - a +0 pair of boots (worn)
 D - the +4 ring mail of Hiteqys (worn) {rC- rCorr Int+5}
   (You found it on level 7 of the Dungeon)

   It affects your intelligence (+5).
   It makes you vulnerable to cold.
   It protects you from acid and corrosion.
Jewellery
 g - a ring of protection from fire (left hand)
 y - an uncursed ring of see invisible
 B - an uncursed ring of fire
 C - a ring of poison resistance (right hand)
Wands
 q - a wand of random effects (12)
 E - a wand of iceblast (6)
Scrolls
 e - 4 scrolls of remove curse
 f - 7 scrolls of teleportation
 h - 2 scrolls of magic mapping
 r - a scroll of silence {unknown}
 s - a scroll of holy word {unknown}
 w - 2 scrolls of blinking {unknown}
Potions
 b - a potion of flight
 d - a potion of brilliance
 k - 5 potions of haste
 o - a potion of berserk rage
 p - 2 potions of resistance
 t - a potion of heal wounds
 v - 4 potions of curing
 F - a potion of agility
 G - a potion of mutation {unknown}
Comestibles
 c - 16 rations


   Skills:
 * Level 7.5 Fighting
 - Level 6.4 Long Blades
 * Level 4.6 Maces & Flails
 * Level 6.5 Armour
 * Level 6.0 Dodging
 + Level 1.3 Stealth
 * Level 8.4 Shields


You had 10 spell levels left.
You didn't know any spells.

Dungeon Overview and Level Annotations

Branches:
Dungeon (9/15)             Temple (0/1) D:5            Lair (0/6) D:8
    Orc (0/2) D:9

Altars:
Ashenzari
Cheibriados
Gozag
Kikubaaqudgha
Okawaru
Sif Muna
Uskayaw
Vehumet
Xom
Zin

Shops:
D:4 }

Annotations:
D:7 Prince Ribbit


Innate Abilities, Weirdness & Mutations

You have hoof-like feet.
You have a moderately thin skeletal structure. (Dex +4, Stealth+)
You regenerate a little health from kills.
You are immune to rotting.


Message History

You barely miss the rakshasa.
The rakshasa is heavily wounded.
You block the centaur's attack. You block the rakshasa's attack.
The centaur hits you with an uncursed iridescent dagger {holy}!
You convulse!
The troll bites you! The troll barely misses you. You block the troll's attack.
The rakshasa hits you with a long sword!
You block the centaur's attack. The troll bites you.
The troll closely misses you. You block the troll's attack.
You closely miss the rakshasa.
The rakshasa is heavily wounded.
The centaur hits you with an uncursed iridescent dagger {holy}!
You convulse!
* * * LOW HITPOINT WARNING * * *
You block the centaur's attack. You block the troll's attack.
The troll claws you but does no damage. The troll claws you!
* * * LOW HITPOINT WARNING * * *
You block the rakshasa's attack.
The centaur hits you with an uncursed iridescent dagger {holy}!
You die...

#.####..<#..............#
#..#
#.###........###.....##.#
#.#
#.##.............#.####..#
.. #)##..#.......####..#
##.# .
#.#########......[..# #. .
#.# #≈≈≈≈≈≈≈≈≈# ##
##.##### #≈≈≈≈≈≈≈≈≈#
...#...# #8≈≈≈≈≈≈≈8#
.......# ..#####@#####
.......#


..'..ocRTKZh# .......# ..#...aaZrS.# ....<..# #..#####..'.(. .......# ..'..
..#... ...#...# ..#. .# ## ######## . # (' #. (. You could see a rakshasa, a
troll, a water moccasin, a black bear, a big kobold, a centaur, 2 worker ants,
an orc, a quokka, an adder skeleton and a quokka skeleton.

Vanquished Creatures
  Erica (D:9)
  2 two-headed ogres (D:9)
  The ghost of glosham the Grappler, a novice VSHu of Cheibriados (D:9)
  Psyche (D:8)
  A hippogriff (D:7)
  A wyvern (D:6)
  A soldier ant (D:5)
  2 acid dragons (D:9)
  2 porcupines (D:8)
  A water moccasin (D:7)
  4 ice beasts
  A phantom (D:9)
  An orc warrior (D:8)
  An ogre (D:6)
  A black bear (D:8)
  4 centaurs (D:8)
  A crocodile (D:8)
  A big kobold (D:7)
  3 bullfrogs
  3 scorpions
  7 killer bees
  4 wights (D:9)
  An electric eel (D:6)
  2 howler monkeys
  A bullfrog zombie (D:5)
  10 jellies
  3 quasits
  4 crimson imps
  A gnoll shaman (D:6)
  5 orc priests
  5 hounds
  8 orc wizards
  Ijyb (D:5)
  5 iguanas
  Natasha (D:4)
  2 merfolk sirens (Sewer)
  12 worker ants
  A merfolk avatar (Sewer)
  6 gnolls (D:6)
  16 adders
  4 river rats
  2 shadow imps
  9 oozes
  An adder zombie (D:5)
  3 adder skeletons
  2 worms
  2 dart slugs (D:1)
  8 leopard geckos
  37 orcs
  6 ball pythons
  11 bats
  5 giant cockroaches
  6 hobgoblins
  11 jackals
  7 kobolds
  5 quokkas
  8 frilled lizards
  9 goblins
  A jackal skeleton (D:4)
  32 rats
  A fungus (D:8)
298 creatures vanquished.

Notes
Turn   | Place    | Note
-------+----------+-------------------------------------------
     0 | D:1      | troglodite the Demonspawn Berserker began the quest for the Orb.
     0 | D:1      | Reached XP level 1. HP: 18/18 MP: 1/1
   256 | D:1      | Gained mutation: You have large cloven feet. [demonic ancestry]
   256 | D:1      | Reached XP level 2. HP: 13/24 MP: 2/2
   287 | D:1      | HP: 1/24 [goblin/club (6)]
   925 | D:2      | Reached ** piety under Trog
   925 | D:2      | Gained mutation: You regenerate a little health from kills. [demonic ancestry]
   925 | D:2      | Reached XP level 3. HP: 4/29 MP: 3/3
   935 | D:2      | HP: 1/29 [poisoned by an adder]
   943 | D:2      | HP: 1/29 [poisoned by an adder]
  1488 | D:2      | Reached XP level 4. HP: 31/37 MP: 4/4
  2221 | D:3      | Found a hide-covered altar of Uskayaw.
  2243 | D:3      | Paralysed by fainting for 10 turns
  2363 | D:3      | Reached XP level 5. HP: 42/42 MP: 5/5
  2408 | D:3      | Found an opulent altar of Gozag.
  2527 | D:3      | Found a faded altar of an unknown god.
  2981 | D:4      | Reached *** piety under Trog
  3229 | D:4      | Gained mutation: You have hoof-like feet. [demonic ancestry]
  3229 | D:4      | Reached XP level 6. HP: 46/49 MP: 6/6
  3499 | D:4      | Found Genice's Gadget Shop.
  3499 | D:4      | Noticed Natasha
  3504 | D:4      | Killed Natasha
  3673 | D:4      | Found an iron altar of Okawaru.
  3947 | D:5      | Entered Level 5 of the Dungeon
  3996 | D:5      | Found an opulent altar of Gozag.
  4051 | D:5      | Found a staircase to the Ecumenical Temple.
  4071 | D:5      | Found a radiant altar of Vehumet.
  4084 | D:5      | Noticed Ijyb
  4098 | D:5      | Killed Ijyb
  4329 | D:5      | Found a runed door.
  4343 | D:5      | Found a runed door.
  4346 | D:5      | Noticed a soldier ant
  4360 | D:5      | Reached skill level 1 in Shields
  4360 | D:5      | Gained mutation: You are immune to rotting. [demonic ancestry]
  4360 | D:5      | Reached XP level 7. HP: 55/55 MP: 7/7
  4373 | D:5      | Reached skill level 5 in Fighting
  4444 | D:5      | Reached skill level 2 in Shields
  4667 | D:5      | Found a glowing silver altar of Zin.
  4912 | D:6      | Noticed a wyvern
  4918 | D:6      | Reached skill level 5 in Long Blades
  4918 | D:6      | Reached skill level 3 in Shields
  4918 | D:6      | Gained mutation: You have a somewhat thin skeletal structure. (Dex +2, Stealth) [demonic ancestry]
  4918 | D:6      | Reached XP level 8. HP: 62/62 MP: 8/8
  5052 | D:6      | Found a glowing drain.
  5075 | D:6      | Reached **** piety under Trog
  5080 | D:6      | Reached skill level 4 in Shields
  5141 | Sewer    | Entered a sewer
  6093 | D:6      | Reached skill level 5 in Armour
  6472 | D:6      | Found an ancient bone altar of Kikubaaqudgha.
  6647 | D:6      | Found a shimmering altar of Xom.
  7061 | D:7      | Reached ***** piety under Trog
  7064 | D:7      | Reached XP level 9. HP: 69/69 MP: 9/9
  7116 | D:7      | Found a shattered altar of Ashenzari.
  7117 | D:7      | Found an iron altar of Okawaru.
  7270 | D:7      | Reached skill level 5 in Shields
  7317 | D:7      | Got a pitted ring mail
  7328 | D:7      | Identified the +4 ring mail of Hiteqys {rC- rCorr Int+5} (You found it on level 7 of the Dungeon)
  7716 | D:7      | Reached skill level 6 in Shields
  7964 | D:7      | Reached skill level 1 in Stealth
  8000 | D:7      | Noticed Prince Ribbit
  8136 | D:7      | Received a gift from Trog
  8155 | D:7      | Got a transparent mace {god gift}
  8216 | D:7      | Identified the +12 mace of Quick Death {vamp, rPois Int+2} (Trog gifted it to you on level 7 of the Dungeon)
  8246 | D:7      | Found a deep blue altar of Sif Muna.
  8570 | D:8      | Noticed Psyche
  8575 | D:8      | Killed Psyche
  8575 | D:8      | Reached skill level 5 in Dodging
  8734 | D:8      | Found a snail-covered altar of Cheibriados.
  8784 | D:8      | Reached skill level 1 in Maces & Flails
  8918 | D:8      | Reached XP level 10. HP: 77/77 MP: 10/10
  8927 | D:8      | Reached skill level 7 in Shields
  8996 | D:8      | Found a staircase to the Lair.
  9194 | D:8      | Found a shimmering altar of Xom.
  9485 | D:9      | Noticed a two-headed ogre
  9495 | D:9      | Killed a two-headed ogre
  9504 | D:9      | Found a transporter.
  9505 | D:9      | Found a staircase to the Orcish Mines.
  9525 | D:9      | Noticed glosham's ghost (novice VSHu)
  9553 | D:9      | Killed glosham's ghost
  9586 | D:9      | Found a transporter.
  9650 | D:9      | Got a scorched hat
  9673 | D:9      | Identified the +2 hat of Mental Paralysis {rN+ Regen+ rCorr} (You found it on level 9 of the Dungeon)
  9782 | D:9      | Noticed Erica
  9799 | D:9      | Killed Erica
  9799 | D:9      | Reached skill level 8 in Shields
  9869 | D:9      | Noticed a rakshasa
  9871 | D:9      | Noticed a two-headed ogre
 10075 | D:9      | Killed a two-headed ogre
 10075 | D:9      | Gained mutation: You have a moderately thin skeletal structure. (Dex +4, Stealth+) [demonic ancestry]
 10075 | D:9      | Reached XP level 11. HP: 84/84 MP: 11/11
 10085 | D:9      | Identified the +9 dagger "Killer Klown's Bane" {holy, *Drain +Rage Str+8 Int-4}
 10085 | D:9      | Slain by a centaur

Skill      XL: |  1  2  3  4  5  6  7  8  9 10 |
---------------+-------------------------------+-----
Armour         | 2 3 4 5 6 |  6.5
Dodging        | 2 3 4 5 6 |  6.0
Long Blades    | 3 4 5 6 |  6.4
Fighting       | 4 5 6 7 |  7.5
Shields        | 1 3 4 6 8 |  8.4
Stealth        | 1 |  1.3
Maces & Flails | 1 4 |  4.6

Action                   |  1- 3 |  4- 6 |  7- 9 | 10-12 || total
-------------------------+-------+-------+-------+-------++-------
Melee: Falchion          |    98 |   216 |   361 |       ||   675
       Kick              |    27 |    70 |   131 |       ||   228
       Long sword        |       |       |   183 |       ||   183
       Mace              |       |       |    42 |   203 ||   245
Invok: Trog's Hand       |     1 |       |     1 |       ||     2
       Berserk           |       |     5 |    11 |     3 ||    19
       Burn Spellbooks   |       |       |     2 |       ||     2
  Use: Potion            |     1 |       |     2 |     2 ||     5
       Scroll            |       |     2 |    15 |     3 ||    20
 Stab: Sleeping          |       |       |     4 |       ||     4
  Eat: Chunk             |     2 |    13 |    17 |     4 ||    36
       Ration            |       |       |     4 |     1 ||     5
Armor: Animal skin       |    13 |       |       |       ||    13
       Ring mail         |    12 |    69 |   137 |    72 ||   290
       Plate armour      |       |    25 |   186 |       ||   211
Dodge: Dodged            |    49 |   131 |   136 |    72 ||   388
Block: Large shield      |       |    24 |   628 |   318 ||   970
       Rpst.: Falchion   |    14 |    40 |     9 |       ||    63
       Long sword        |       |       |    29 |       ||    29
